 Dungeon Crawl Stone Soup version 0.28-b1-1-g3c77fb2ed1 (webtiles) character file.

Game seed: 10548491182589720076

78 cbfl8 the Sneak (level 4, -3/40 HPs)
             Began as a Minotaur Delver on Jan 30, 2022.
             Killed from afar by an orc wizard (7 damage)
             ... with a magic dart
             ... on level 3 of the Dungeon.
             The game lasted 00:05:08 (3183 turns).

cbfl8 the Sneak (Minotaur Delver)                   Turns: 3183, Time: 00:05:08

Health: -3/40      AC:  4    Str: 19    XL:     4   Next: 15%
Magic:  3/3        EV: 11    Int:  7    God:
Gold:   249        SH:  0    Dex: 11    Spells: 3/3 levels left

rFire   . . .      SeeInvis .   a - +0 hand axe
rCold   . . .      Faith    .   (no shield)
rNeg    . . .      Spirit   .   r - +0 ring mail
rPois   .          Reflect  .   (helmet restricted)
rElec   .          Harm     .   (no cloak)
rCorr   .          Rampage  .   (no gloves)
Will    .....                   (no boots)
Stlth   ++........              (no amulet)
HPRegen 0.13/turn               (no ring)
MPRegen 0.08/turn               (no ring)

@: no status effects
A: horns 2, retaliatory headbutt, iridescent scales 1, deformed body
a: no special abilities


You were on level 3 of the Dungeon.
You visited 1 branch of the dungeon, and saw 5 of its levels.

You collected 249 gold pieces.

Inventory:

Hand Weapons
 a - a +0 hand axe (weapon)
Missiles
 i - 101 stones (quivered)
 p - 3 poisoned darts
Armour
 b - a +0 leather armour
 r - a +0 ring mail (worn)
Wands
 g - a wand of digging (3)
 h - a wand of iceblast (4)
Scrolls
 c - a scroll of fog
 d - a scroll of magic mapping
 e - a scroll of fear
 j - a scroll of blinking {unknown}
 k - 4 scrolls of teleportation {unknown}
 l - 4 scrolls of identify {unknown}
 n - a scroll of vulnerability {unknown}
 q - a scroll of amnesia {unknown}
Potions
 m - a potion of might {unknown}
 o - a potion of mutation
 s - a potion of cancellation {unknown}


   Skills:
 + Level 4.2 Fighting
 + Level 2.9 Axes
 + Level 2.1 Armour
 + Level 2.5 Dodging
 + Level 4.6 Stealth


You had 3 spell levels left.
You didn't know any spells.
Your spell library contained the following spells:

 Spells                   Type           Power      Damage    Failure   Level
 Ozocubu's Armour         Ice            0%         N/A       93%         3
 Metabolic Englaciation   Hex/Ice        0%         N/A       100%        5
 Simulacrum               Ice/Necr       0%         N/A       100%        6


Dungeon Overview and Level Annotations

Branches:
Dungeon (5/15)
 Temple: D:4-7

Altars:


Innate Abilities, Weirdness & Mutations

You have a pair of horns on your head.
You reflexively headbutt those who attack you in melee.
You are partially covered in iridescent scales. (AC +2)
Armour fits poorly on your strangely shaped body.


Message History

The orc wizard is heavily wounded.
You miss the orc priest.
The orc wizard hits you but does no damage.
A dart slug comes into view.
The orc priest closely misses you.
You completely miss the orc priest.
The orc priest is moderately wounded.
You hit the orc. You barely miss the orc wizard.
The orc wizard hits you but does no damage.
The orc hits you with a +0 short sword. The orc priest misses you.
The orc wizard points at you and mumbles some strange words.
The magic dart hits you.
You closely miss the orc wizard.
The orc wizard is heavily wounded.
You barely miss the orc priest. You hit the orc. The orc closely misses you.
The orc priest barely misses you. The orc wizard barely misses you.
The orc completely misses you.
You barely miss the orc priest.
The orc priest is moderately wounded.
You hit the orc but do no damage. You miss the orc wizard.
The orc priest hits you with a +0 club.
* * * LOW HITPOINT WARNING * * *
The orc wizard barely misses you. The orc hits you with a +0 short sword.
* * * LOW HITPOINT WARNING * * *
You feel less confused.
The orc priest calls upon Beogh to heal the orc.
The orc is healed somewhat.
You hit the orc wizard.
The orc wizard is severely wounded.
You hit the orc priest. You closely miss the orc.
The orc priest looks braver for a moment.
The orc wizard hits you but does no damage.
The orc misses you.
You barely miss the orc wizard. Your headbutt misses the orc wizard.
The orc wizard is severely wounded.
You hit the orc priest. You barely miss the orc.
The orc priest begins to cast a cantrip, but forgets the words!
The orc wizard casts a spell at you. The magic dart hits you!
You die...

..... ## ...... #(
...... . #. #......
.. #.####.....
...##.....w.###
#.............#
#..#....o...#
#......@o...#
........o...# # #
............#.#.####
.####.......#.#.....#
#######.........#
#.#.......
######.........
#...........##
####.........#


You could see an orc priest, an orc wizard, a dart slug and an orc.

Vanquished Creatures
  3 gnolls (D:3)
  A worm (D:2)
  A dart slug (D:1)
  6 ball pythons
  4 endoplasms
  4 giant cockroaches
  3 goblins
  A hobgoblin (D:1)
  2 jackals (D:2)
  3 quokkas (D:2)
  6 frilled lizards
  5 kobolds
  7 rats
  A toadstool (D:4)
47 creatures vanquished.

Vanquished Creatures (others)
  3 fungi
3 creatures vanquished.

Grand Total: 50 creatures vanquished

Notes
Turn   | Place    | Note
-------+----------+-------------------------------------------
     0 | D:5      | cbfl8 the Minotaur Delver began the quest for the Orb.
     0 | D:5      | Reached XP level 1. HP: 19/19 MP: 0/0
   649 | D:2      | Reached XP level 2. HP: 17/27 MP: 1/1
  1273 | D:1      | Reached skill level 1 in Armour
  1295 | D:1      | Found a faded altar of an unknown god.
  1609 | D:1      | Reached XP level 3. HP: 33/33 MP: 2/2
  2778 | D:3      | Gained mutation: You are partially covered in iridescent
                  | scales. (AC +2) [potion of mutation]
  2778 | D:3      | Gained mutation: Armour fits poorly on your strangely
                  | shaped body. [potion of mutation]
  2991 | D:3      | Reached XP level 4. HP: 35/40 MP: 3/3
  3183 | D:3      | Killed from afar by an orc wizard

Illustrated notes

Levels and vault maps discovered:
D:1:      dpeg_arrival_prison, layout_basic,
          hellmonk_ecumenical_altar_arch_garden, serial_park_tiny_2
D:2:      layout_loops_corners, grunt_ministairs_9,
          hangedman_abyss_or_decor_lesser_grid, supply_closet_lemuel
D:3:      layout_basic, hellmonk_ghost_happy_afterlife,
          hangedman_decor_slide_cut
D:4:      layout_cave_pods, serial_shops, nicolae_take_the_stairs,
          minmay_gold_behind_fungi, roderic_lattice_a
D:5:      layout_basic, uniq_edmund

Skill      XL: |  1  2  3 |
---------------+----------+-----
Fighting       | 4 |  4.2
Armour         | 1 2 |  2.1
Axes           | |  2.9
Dodging        | |  2.5
Stealth        | |  4.6

Action                   |  1- 3 |  4- 6 || total
-------------------------+-------+-------++-------
Melee: Hand axe          |    84 |    16 ||   100
       Headbutt          |    13 |     2 ||    15
       Punch             |     1 |       ||     1
  Use: Potion            |     3 |       ||     3
 Stab: Sleeping          |     8 |       ||     8
       Distracted        |     1 |       ||     1
Armor: Leather armour    |    12 |       ||    12
       Ring mail         |    10 |     6 ||    16
Dodge: Dodged            |    65 |    19 ||    84
